AoeStats
← MatZpt

Yucatan

510392610Analyzed
2v2 RM · 18h ago on Sep 30, 2026· 41m 40s· 4 players
Game mode
Random Map
Map size
Medium (4 player)
Population
200
Speed
Normal
Resources
Standard
Victory
Conquest
Starting age
Dark Age
Ending age
Imperial Age
RankedLock teamsTeams togetherTeam positionsShared explorationLock speedFull tech treeHidden civsTurbo modeCheats
Victory
Defeat
🇵🇹 Wei · Portugal
946
+14
🇵🇹 Franks · Portugal
935
+15
🇦🇷 Huns · Argentina
923
-15
🇦🇷 Spanish · Argentina
892
-14
SimbaSKYwalker
0:47 Loom
11:30 Feudal Age
18:33 Castle Age
18:09 Horse Collar
21:02 Wheelbarrow
21:52 Pikeman
22:19 Gambesons
22:35 Squires
23:45 Double-Bit Axe
35:59 Imperial Age
35:45 Hand Cart
35:16 Town Watch
36:17 Forging
37:59 Chemistry
37:21 Ballistics
36:41 Halberdier
37:58 Arson
39:29 Conscription
39:07 Murder Holes
39:22 Heavy Plow
39:39 Bow Saw
41:00 Iron Casting
40:25 Scale Mail Armor
41:00 Iron Casting
ZEROarg
0:29 Loom
13:30 Feudal Age
19:51 Castle Age
21:25 Fletching
21:01 Pikeman
23:20 Bodkin Arrow
23:26 Padded Archer Armor
25:55 Scale Barding Armor
26:53 Wheelbarrow
26:38 Double-Bit Axe
27:29 Husbandry
27:40 Bloodlines
30:22 Leather Archer Armor
31:17 Ballistics
33:33 Forging
38:28 Chain Barding Armor
MenesesDoTalho
7:42 Loom
11:05 Feudal Age
12:00 Horse Collar
12:06 Double-Bit Axe
12:55 Man-at-Arms
22:54 Castle Age
21:22 Gold Mining
21:22 Stone Mining
23:45 Stone Mining
25:04 Elite Skirmisher
26:38 Wheelbarrow
27:03 Thumb Ring
30:55 Heavy Plow
35:04 Imperial Age
34:44 Bow Saw
35:11 Gold Shaft Mining
35:12 Stone Shaft Mining
35:04 Padded Archer Armor
35:02 Fletching
35:31 Scale Mail Armor
35:41 Forging
36:39 Hand Cart
37:06 Stone Shaft Mining
36:54 Conscription
37:39 Parthian Tactics
37:56 Leather Archer Armor
37:36 Bodkin Arrow
40:52 Ring Archer Armor
40:56 Bracer
41:11 Chain Mail Armor
41:32 Iron Casting
41:04 Scale Barding Armor
MatZpt
8:16 Loom
11:02 Feudal Age
11:42 Double-Bit Axe
16:08 Town Watch
17:45 Wheelbarrow
21:53 Castle Age
21:55 Forging
21:52 Scale Barding Armor
22:15 Gold Mining
22:21 Stone Mining
25:06 Hand Cart
36:31 Imperial Age
34:45 Town Patrol
35:47 Bow Saw
36:30 Masonry
36:19 Murder Holes
37:09 Husbandry
39:46 Conscription
39:58 Squires
40:24 Chain Barding Armor
40:40 Iron Casting
40:05 Scale Mail Armor
39:57 Fletching
40:07 Padded Archer Armor
41:07 Elite Throwing Axeman
Connection lost

Rejoining the realm…

Still unreachable

The connection could not be restored.

Session expired

The server has moved on; the page needs a fresh start.